[Event "ICC tourney 2045 (75 10)"]
[Site "Internet Chess Club"]
[Date "2020.10.11"]
[Round "6"]
[White "kl1050"]
[Black "johnzabraham"]
[Result "1/2-1/2"]
[ICCResult "Game drawn by repetition"]
[WhiteElo "1236"]
[BlackElo "946"]
[Opening "Queen's pawn game"]
[ECO "D02"]
[NIC "QP.08"]
[Time "14:48:39"]
[TimeControl "4500+10"]

1. d4 d5 2. Nf3 Bf5 3. e3 e6 4. c3 c6 5. Bd3 Bg6 6. Bxg6 hxg6 7. Nbd2 Bd6 8.
e4 dxe4 9. Nxe4 Bc7 10. Qd3 Ne7 11. Bg5 Nd7 12. Rd1 f6 13. Bd2 Nb6 14. Nc5
Qc8 15. Qe2 Kf7 16. O-O Nf5 17. Rfe1 Re8 18. Qd3 Nd5 19. g3 b6 20. Nb3 Qd7
21. c4 Nde7 22. Qe4 Nc8 23. Rc1 Ncd6 24. Qd3 Rad8 25. c5 Nb7 26. cxb6 Bxb6
27. Qc4 Rc8 28. Re2 Nbd6 29. Qc2 Nb5 30. Bc3 Qd5 31. Kg2 g5 32. h3 Rh8 33.
Qe4 Qd6 34. Rec2 Rh7 35. Bd2 Rh6 36. Rxc6 Rxc6 37. Rxc6 Qd7 38. Qc2 Nbxd4
39. Nbxd4 Nxd4 40. Nxd4 Qxd4 41. Be3 Qd5+ 42. Kf1 Rxh3 43. Bxb6 Rh1+ 44. Ke2
axb6 45. Rc7+ Kg8 46. Rc8+ Kf7 47. Rc7+ Kg8 48. Rc8+ Kf7 49. Rc7+ Kg8 50.
Rc8+ Kf7 51. Rc7+ Kg8 52. Rc8+ Kf7 53. Rc7+ Kg8 {Game drawn by repetition}
1/2-1/2

[Event "ICC tourney 2045 (75 10)"]
[Site "Internet Chess Club"]
[Date "2020.10.11"]
[Round "6"]
[White "Davide25"]
[Black "ethanz1606"]
[Result "1-0"]
[ICCResult "Black checkmated"]
[WhiteElo "1166"]
[BlackElo "1115"]
[Opening "Queen's pawn game"]
[ECO "A46"]
[NIC "QP.06"]
[Time "14:49:19"]
[TimeControl "4500+10"]

1. d4 Nf6 2. Nf3 c5 3. e3 d6 4. Be2 g6 5. O-O Bg7 6. c3 Bg4 7. Nbd2 O-O 8.
Qc2 Nbd7 9. Rd1 d5 10. h3 Be6 11. e4 dxe4 12. Nxe4 cxd4 13. Nxd4 Qb6 14.
Nxe6 Qxe6 15. Nxf6+ Nxf6 16. Bf3 Qb6 17. Be3 Qa6 18. Qd3 Qxd3 19. Rxd3 Rfb8
20. Bf4 Rd8 21. Rad1 Rxd3 22. Rxd3 Re8 23. Bxb7 e5 24. Bc1 e4 25. Rd1 Rb8
26. Ba6 Bf8 27. b3 Bc5 28. Bc4 Re8 29. Be3 Bxe3 30. fxe3 Re7 31. Kf2 Rd7 32.
Rxd7 Nxd7 33. g4 g5 34. b4 Ne5 35. Bd5 Nd3+ 36. Ke2 Kf8 37. Bxe4 Ne5 38.
Bxh7 Nd7 39. Kd3 Ke7 40. Bf5 Ne5+ 41. Kd4 Nf3+ 42. Kd5 Nd2 43. c4 Kd8 44. a4
Kc7 45. a5 Nb3 46. Bc2 Nd2 47. b5 Kb7 48. c5 Kc7 49. c6 Nf3 50. Kc5 Ne5 51.
b6+ axb6+ 52. axb6+ Kc8 53. Bf5+ Kd8 54. c7+ Ke7 55. c8=Q Kf6 56. Qh8+ Ke7
57. Qxe5+ Kf8 58. Qf6 Kg8 59. b7 Kf8 60. b8=R# {Black checkmated} 1-0

[Event "ICC tourney 2045 (75 10)"]
[Site "Internet Chess Club"]
[Date "2020.10.11"]
[Round "6"]
[White "SreeVSundaram"]
[Black "oxdidi"]
[Result "1/2-1/2"]
[ICCResult "Game drawn by repetition"]
[WhiteElo "789"]
[BlackElo "1075"]
[Opening "King's Indian: 6.Be2"]
[ECO "E91"]
[NIC "KI.19"]
[Time "14:48:35"]
[TimeControl "4500+10"]

1. d4 Nf6 2. c4 g6 3. Nc3 Bg7 4. e4 d6 5. Nf3 O-O 6. Be2 Nbd7 7. Be3 b6 8.
O-O Bb7 9. Qc2 Re8 10. Rfd1 e6 11. b4 Qe7 12. a3 a6 13. d5 exd5 14. exd5 Ne4
15. Nxe4 Bxa1 16. Rxa1 Qxe4 17. Qxe4 Rxe4 18. Bd3 Ree8 19. Rc1 Ne5 20. Be2
Ng4 21. Rc3 Re7 22. h3 Nxe3 23. fxe3 Rae8 24. Kf2 c6 25. Rd3 cxd5 26. cxd5
a5 27. b5 f5 28. g3 h6 29. h4 Kg7 30. Bf1 Kf6 31. Bg2 g5 32. Nd2 gxh4 33.
gxh4 Rc8 34. Ke2 f4 35. e4 Kg6 36. Rf3 Bxd5 37. Rxf4 Rc2 38. Kd3 Ra2 39.
exd5 Rxa3+ 40. Kd4 Ra4+ 41. Nc4 Rc7 42. Be4+ Kg7 43. Bd3 Rc5 44. Ke3 Rxb5
45. Nxd6 Rxd5 46. Rxa4 Rxd6 47. Rg4+ Kf8 48. Rf4+ Ke7 49. Re4+ Kd8 50. Bb5
Kc7 51. Re7+ Kd8 52. Re8+ Kc7 53. Re7+ Kd8 54. Re8+ Kc7 55. Re7+ Kd8 56.
Re8+ {Game drawn by repetition} 1/2-1/2

[Event "ICC tourney 2045 (75 10)"]
[Site "Internet Chess Club"]
[Date "2020.10.11"]
[Round "6"]
[White "traycon"]
[Black "VinaySridhar"]
[Result "0-1"]
[ICCResult "White resigns"]
[WhiteElo "967"]
[BlackElo "1159"]
[Opening "English: four knights system"]
[ECO "A28"]
[NIC "EO.08"]
[Time "14:48:35"]
[TimeControl "4500+10"]

1. c4 e5 2. Nc3 Nf6 3. Nf3 Nc6 4. d4 d6 5. g3 exd4 6. Nxd4 Ne5 7. b3 g6 8.
Bg2 Bg7 9. Bb2 Rb8 10. Nf3 Nxf3+ 11. Bxf3 Bh3 12. Nd5 O-O 13. Nf4 Bf5 14.
O-O Re8 15. Nd5 a6 16. Nxf6+ Bxf6 17. Bxf6 Qxf6 18. e3 Bh3 19. Re1 Re5 20.
e4 Rd8 21. Bg2 Qe6 22. Bf3 Qf6 23. Bg2 Bxg2 24. Kxg2 Rde8 25. Qf3 Qe6 26.
Re3 Rxe4 27. Rxe4 Qxe4 28. Qxe4 Rxe4 29. Kf3 f5 30. h4 Kg7 31. Rd1 Kf6 32.
Rd3 Ke6 33. Re3 Rxe3+ 34. fxe3 Ke5 35. g4 c6 36. gxf5 Kxf5 37. e4+ Ke5 38.
Kg4 Kf6 39. Kf4 h6 40. c5 dxc5 41. e5+ Ke6 42. Ke4 b6 43. a3 g5 44. hxg5
hxg5 45. b4 cxb4 46. axb4 g4 47. Kf4 g3 48. Kf3 Kxe5 49. Kxg3 Kd5 50. Kf3
Kc4 51. Ke4 Kxb4 52. Kd4 a5 53. Kd3 Kb3 54. Kd4 a4 55. Ke5 a3 56. Kd6 b5 57.
Kxc6 b4 58. Kc5 a2 59. Kd4 a1=Q+ {White resigns} 0-1

[Event "ICC tourney 2045 (75 10)"]
[Site "Internet Chess Club"]
[Date "2020.10.11"]
[Round "6"]
[White "ABecker755"]
[Black "akumarum"]
[Result "0-1"]
[ICCResult "White checkmated"]
[WhiteElo "1268"]
[BlackElo "1124"]
[Opening "Ruy Lopez: Berlin defense, 4.O-O"]
[ECO "C65"]
[NIC "RL.07"]
[Time "14:48:36"]
[TimeControl "4500+10"]

1. e4 e5 2. Nf3 Nc6 3. Bb5 Nf6 4. O-O Be7 5. Bxc6 dxc6 6. d3 Bd6 7. b3 O-O
8. Bb2 Re8 9. Nbd2 Bg4 10. h3 Bh5 11. Qe1 h6 12. Nc4 Bxf3 13. gxf3 Qd7 14.
Kh2 Nh5 15. Bc1 b5 16. Ne3 Nf4 17. Nf5 Ng6 18. Rg1 Rad8 19. h4 h5 20. Qe3 a6
21. Bd2 Be7 22. Nxe7+ Qxe7 23. Qg5 Qxg5 24. Bxg5 Rd6 25. Kh3 Nf4+ 26. Bxf4
exf4 27. Rg5 g6 28. Rag1 Kh7 29. Rd1 f6 30. Rc5 Re5 31. Rxe5 fxe5 32. Rg1 c5
33. Rg5 Re6 34. Kg2 Kg7 35. Kf1 Kf6 36. Ke2 Rc6 37. c3 a5 38. a3 a4 39. b4
cxb4 40. d4 bxa3 41. dxe5+ Kg7 42. Kd3 a2 43. Rg1 Rc5 44. Ra1 Rxe5 45. Kd4
Re8 46. Rxa2 Rd8+ 47. Kc5 Rd3 48. c4 bxc4 49. Kxc4 Rxf3 50. e5 Kf7 51. Kd5
Ke7 52. Ke4 Rh3 53. Kxf4 Rxh4+ 54. Kg5 Rg4+ 55. Kh6 Ke6 56. f3 Rg3 57. Rxa4
Kxe5 58. f4+ Kf5 59. Rc4 h4 60. Rxc7 h3 61. Rc5+ Kg4 62. Kxg6 Kxf4+ 63. Kf6
h2 64. Rh5 Rg2 65. Rf5+ Ke3 66. Rh5 Kf2 67. Rf5+ Kg1 68. Ra5 h1=Q 69. Ra1+
Kh2 70. Rxh1+ Kxh1 71. Kf5 Kh2 72. Ke4 Rf2 73. Ke3 Rf8 74. Ke4 Kg3 75. Ke5
Kg4 76. Ke6 Kg5 77. Ke7 Rf1 78. Ke8 Rf2 79. Ke7 Kg6 80. Ke6 Re2+ 81. Kd5 Kf5
82. Kd4 Kf4 83. Kd3 Re8 84. Kd2 Kf3 85. Kd1 Kf2 86. Kc2 Rd8 87. Kc3 Ke3 88.
Kc2 Rd7 89. Kc3 Rc7+ 90. Kb4 Kd4 91. Kb5 Kd5 92. Kb6 Rc1 93. Kb7 Kd6 94. Kb6
Rb1+ 95. Ka7 Kc6 96. Ka8 Kc7 97. Ka7 Ra1# {White checkmated} 0-1

[Event "ICC tourney 2045 (75 10)"]
[Site "Internet Chess Club"]
[Date "2020.10.11"]
[Round "7"]
[White "Captcha"]
[Black "BArkadia"]
[Result "0-1"]
[ICCResult "White resigns"]
[WhiteElo "845"]
[BlackElo "1196"]
[Opening "two knights defense: Wilkes Barre (Traxler) variation"]
[ECO "C57"]
[NIC "KP.01"]
[Time "18:35:43"]
[TimeControl "4500+10"]

1. e4 e5 2. Nf3 Nc6 3. Bc4 Nf6 4. Ng5 Bc5 5. O-O O-O 6. c3 d5 7. exd5 Nxd5
8. Nf3 e4 9. d4 Bb6 10. Nfd2 e3 11. Nf3 Re8 12. Bxd5 e2 13. Bxf7+ Kxf7 14.
Qb3+ Be6 15. Ng5+ Qxg5 16. Qxe6+ Rxe6 17. Bxg5 exf1=Q+ 18. Kxf1 Rae8
{White resigns}
0-1

[Event "ICC tourney 2045 (75 10)"]
[Site "Internet Chess Club"]
[Date "2020.10.11"]
[Round "7"]
[White "Maximusiv"]
[Black "leilei8514"]
[Result "0-1"]
[ICCResult "White resigns"]
[WhiteElo "1038"]
[BlackElo "1166"]
[Opening "Sicilian: wing gambit, Carlsbad variation"]
[ECO "B20"]
[NIC "SI.48"]
[Time "18:35:31"]
[TimeControl "4500+10"]

1. e4 c5 2. b4 cxb4 3. a3 bxa3 4. Bxa3 Nc6 5. Nf3 d6 6. Bc4 Qc7 7. d4 Bg4 8.
Bxf7+ Kxf7 9. Ng5+ Ke8 10. Qxg4 Nxd4 11. O-O Nf6 12. Ne6 Nxe6 13. Qxe6 Qxc2
14. Bxd6 Qxe4 15. Re1 Qxe6 16. Rxe6 Kd7 17. Re2 exd6 18. Nc3 Be7 19. Rd1
Rhe8 20. Nb5 a6 21. Nd4 Bd8 22. Red2 Ne4 23. Rd3 Bc7 24. Nf5 g6 25. Ng7 Re7
26. f3 Nf6 {White resigns} 0-1

[Event "ICC tourney 2045 (75 10)"]
[Site "Internet Chess Club"]
[Date "2020.10.11"]
[Round "7"]
[White "Artush04"]
[Black "traycon"]
[Result "1-0"]
[ICCResult "Black checkmated"]
[WhiteElo "864"]
[BlackElo "960"]
[Opening "French defense"]
[ECO "C00"]
[NIC "FR.01"]
[Time "18:35:26"]
[TimeControl "4500+10"]

1. e4 e6 2. Nf3 d5 3. exd5 Qxd5 4. Nc3 Qd8 5. d4 Nf6 6. Bg5 Be7 7. Bd3 Nbd7
8. O-O O-O 9. Ne5 c5 10. Nxd7 Bxd7 11. Bxf6 Bxf6 12. dxc5 Bc6 13. Bb5 Qxd1
14. Raxd1 Bxb5 15. Nxb5 Bxb2 16. c3 a6 17. Rb1 axb5 18. Rxb2 Ra5 19. Rd1 h6
20. Rd6 g5 21. Rb6 Rd8 22. f3 Rd3 23. R6xb5 Rxb5 24. Rxb5 Rxc3 25. Rxb7 Rxc5
26. a4 Ra5 27. Rb4 Kg7 28. Kf2 Kf6 29. Ke3 Ke5 30. Rb5+ Rxb5 31. axb5 Kd6
32. Kd4 e5+ 33. Kc4 Kc7 34. Kc5 f5 35. b6+ Kb7 36. Kd5 e4 37. fxe4 f4 38.
Ke5 Kxb6 39. Kf5 Kc5 40. Kg6 Kd4 41. Kxh6 Kxe4 42. Kxg5 f3 43. gxf3+ Kxf3
44. h4 Ke4 45. h5 Ke5 46. h6 Ke6 47. Kg6 Ke7 48. h7 Kd6 49. h8=Q Kd5 50. Qe8
Kd6 51. Kf5 Kd5 52. Qd8+ Kc4 53. Ke5 Kc5 54. Qc8+ Kb6 55. Kd5 Kb5 56. Qb8+
Ka4 57. Kc5 Ka3 58. Kc4 Ka4 59. Qa8# {Black checkmated} 1-0

[Event "ICC tourney 2045 (75 10)"]
[Site "Internet Chess Club"]
[Date "2020.10.11"]
[Round "7"]
[White "temporarydanger"]
[Black "kl1050"]
[Result "0-1"]
[ICCResult "White checkmated"]
[WhiteElo "1149"]
[BlackElo "1310"]
[Opening "Ruy Lopez: Berlin defense"]
[ECO "C65"]
[NIC "RL.07"]
[Time "18:35:32"]
[TimeControl "4500+10"]

1. e4 e5 2. Nf3 Nc6 3. Bb5 Nf6 4. d3 d6 5. Bg5 Bd7 6. Nc3 Be7 7. O-O a6 8.
Ba4 b5 9. Bb3 Na5 10. Bd5 Nxd5 11. Nxd5 Bxg5 12. b4 Nb7 13. h4 Bh6 14. g3 c6
15. Ne3 O-O 16. g4 g6 17. h5 Bxe3 18. fxe3 Bxg4 19. h6 f5 20. c3 fxe4 21.
Qb3+ Kh8 22. Nh2 Bf5 23. dxe4 Qg5+ 24. Kh1 Bxe4+ 25. Nf3 Bxf3+ 26. Rxf3 Rxf3
27. Qe6 Qxh6+ 28. Kg2 Raf8 29. Qg4 Rf2+ 30. Kg3 Qh2# {White checkmated} 0-1

[Event "ICC tourney 2045 (75 10)"]
[Site "Internet Chess Club"]
[Date "2020.10.11"]
[Round "7"]
[White "HemingLiu"]
[Black "ABecker755"]
[Result "0-1"]
[ICCResult "White checkmated"]
[WhiteElo "715"]
[BlackElo "1281"]
[Opening "French: Winawer (Nimzovich) variation"]
[ECO "C15"]
[NIC "FR.08"]
[Time "18:35:36"]
[TimeControl "4500+10"]

1. e4 e6 2. d4 d5 3. Nc3 Bb4 4. Qg4 Bxc3+ 5. bxc3 Qf6 6. e5 Qg6 7. Qxg6 hxg6
8. Nf3 Bd7 9. Bg5 Nc6 10. Bb5 Nge7 11. h3 Nf5 12. Bxc6 Bxc6 13. g4 Nh6 14.
a4 Nxg4 15. Bh4 f6 16. hxg4 g5 17. exf6 gxf6 18. Rh3 gxh4 19. Nxh4 O-O-O 20.
a5 Rh7 21. a6 b6 22. f4 Rdh8 23. g5 fxg5 24. fxg5 Rxh4 25. Rxh4 Rxh4 26. Ke2
Rg4 27. Kd3 Rxg5 28. c4 Rg3+ 29. Kd2 dxc4 30. Rf1 Rf3 31. Rxf3 Bxf3 32. Kc3
Be2 33. Kd2 Bf1 34. Ke1 Bg2 35. Kf2 Bc6 36. Ke3 Bb5 37. Ke4 Bxa6 38. Ke5 Kd7
39. c3 Bb7 40. Kf6 a5 41. Kg5 a4 42. Kf4 a3 43. Ke3 a2 44. Kd2 a1=Q 45. Kc2
Qa2+ 46. Kc1 Kd6 47. Kd1 Kd5 48. Kc1 Ke4 49. Kd1 Ke3 50. Kc1 Kd3 51. Kd1
Qd2# {White checkmated} 0-1

[Event "ICC tourney 2045 (75 10)"]
[Site "Internet Chess Club"]
[Date "2020.10.11"]
[Round "7"]
[White "Gnanathan"]
[Black "JCJ2018"]
[Result "0-1"]
[ICCResult "White resigns"]
[WhiteElo "1129"]
[BlackElo "1056"]
[Opening "Scotch opening"]
[ECO "C44"]
[NIC "KP.10"]
[Time "18:35:58"]
[TimeControl "4500+10"]

1. e4 e5 2. Nf3 Nc6 3. d4 Qe7 4. Nc3 Nf6 5. dxe5 Nxe5 6. Bg5 Qe6 7. Nd4 Qe7
8. f4 Nc6 9. e5 Nxe5 10. Nf5 Nd3+ 11. Kd2 Ne4+ 12. Kxd3 Nf2+ 13. Kd2 Nxd1
14. Bxe7 Nf2 15. Re1 Nxh1 16. Bf6+ Be7 17. Rxe7+ Kd8 18. Re6+ gxf6 19. Re7
d6 20. Nd5 Bxf5 21. Rxc7 Be6 {White resigns} 0-1

[Event "ICC tourney 2045 (75 10)"]
[Site "Internet Chess Club"]
[Date "2020.10.11"]
[Round "7"]
[White "oxdidi"]
[Black "oliver-kc"]
[Result "1-0"]
[ICCResult "Black checkmated"]
[WhiteElo "1090"]
[BlackElo "759"]
[Opening "Sicilian defense"]
[ECO "B30"]
[NIC "SI.31"]
[Time "18:36:09"]
[TimeControl "4500+10"]

1. e4 c5 2. Nf3 Nc6 3. Bc4 e6 4. O-O Be7 5. Nc3 Nf6 6. e5 Ng4 7. Re1 O-O 8.
h3 Nh6 9. d3 Nf5 10. Bf4 d5 11. exd6 Bxd6 12. Bg5 f6 13. Bd2 Re8 14. Be3 Ne5
15. Nxe5 fxe5 16. Qd2 Nd4 17. Bg5 Be7 18. Bxe7 Qxe7 19. Rxe5 Qf6 20. Ree1
Qg6 21. Kh1 b6 22. Ne2 Bb7 23. Nf4 Qg5 24. Rg1 Kh8 25. Rad1 e5 26. Ne2 Qxd2
27. Rxd2 Nxe2 28. Rxe2 e4 29. Rge1 Re5 30. dxe4 Rae8 31. f3 a6 32. Bf7 R8e7
33. f4 Rxe4 34. Rxe4 Rxe4 35. Rd1 Rd4 36. Re1 Re4 37. Rd1 Rd4 38. Rxd4 cxd4
39. Kg1 g6 40. Bc4 Kg7 41. Kf2 Kf6 42. Ke2 Kf5 43. g3 b5 44. Bd3+ Be4 45. c3
dxc3 46. bxc3 Bxd3+ 47. Kxd3 Ke6 48. Ke4 a5 49. a3 a4 50. g4 Kd7 51. Kd5 Kc7
52. Ke6 Kc6 53. f5 Kc7 54. f6 Kd8 55. f7 Kc7 56. f8=Q b4 57. Qc5+ Kb8 58.
Qe7 Ka8 59. Kd6 h5 60. Kc6 h4 61. Qb7# {Black checkmated} 1-0

[Event "ICC tourney 2045 (75 10)"]
[Site "Internet Chess Club"]
[Date "2020.10.11"]
[Round "7"]
[White "johnzabraham"]
[Black "nb12"]
[Result "1-0"]
[ICCResult "Black resigns"]
[WhiteElo "954"]
[BlackElo "1153"]
[Opening "King's Indian, 3.Nf3"]
[ECO "E60"]
[NIC "KI.80"]
[Time "18:35:29"]
[TimeControl "4500+10"]

1. d4 Nf6 2. c4 g6 3. Nf3 Bg7 4. Bg5 d5 5. e3 O-O 6. Nc3 c6 7. h3 Re8 8. Rc1
Nbd7 9. cxd5 cxd5 10. Bb5 a6 11. Ba4 b5 12. Bb3 Bb7 13. O-O b4 14. Ne2 Ne4
15. Bf4 e5 16. Bh2 f6 17. Qd3 a5 18. Qxe4 Nb6 19. Qb1 Ba6 20. Rfe1 a4 21.
Bc2 Nc4 22. Bxa4 Re7 23. Rcd1 e4 24. Nd2 Nxd2 25. Rxd2 Bxe2 26. Rexe2 Rxa4
27. b3 Ra6 28. Rc2 f5 29. Qc1 Raa7 30. Rc8 {Black resigns} 1-0

[Event "ICC tourney 2045 (75 10)"]
[Site "Internet Chess Club"]
[Date "2020.10.11"]
[Round "7"]
[White "DaveGriffin"]
[Black "AJRChess2011"]
[Result "0-1"]
[ICCResult "White resigns"]
[WhiteElo "801"]
[BlackElo "1290"]
[Opening "Sicilian defense"]
[ECO "B34"]
[NIC "SI.33"]
[Time "18:35:30"]
[TimeControl "4500+10"]

1. e4 c5 2. Nf3 Nc6 3. d4 cxd4 4. Nxd4 g6 5. Be3 Nf6 6. f3 Bg7 7. Nc3 O-O 8.
Qd2 d5 9. Nxc6 bxc6 10. exd5 cxd5 11. Bh6 Bxh6 12. Qxh6 Qb6 13. O-O-O d4 14.
Na4 Qb4 15. b3 Nd5 16. Qd2 Qa3+ 17. Kb1 Nb4 18. c3 dxc3 19. Nxc3 Bf5+ 20.
Ne4 Rfd8 21. Qxd8+ Rxd8 22. Rxd8+ Kg7 23. Rd2 Nxa2 24. Rxa2 Qxb3+ 25. Ka1
Qd1+ 26. Kb2 Be6 27. Ra3 Bc4 28. Bxc4 Qxh1 29. Ra1 Qxg2+ 30. Ka3 Qxf3+
{White resigns}
0-1

[Event "ICC tourney 2045 (75 10)"]
[Site "Internet Chess Club"]
[Date "2020.10.11"]
[Round "7"]
[White "andrewj508"]
[Black "BishoptoC4"]
[Result "0-1"]
[ICCResult "White resigns"]
[WhiteElo "1096"]
[BlackElo "162"]
[Opening "Scandinavian (center counter) defense"]
[ECO "B01"]
[NIC "SD.02"]
[Time "18:35:27"]
[TimeControl "4500+10"]

1. e4 d5 2. exd5 Qxd5 3. Nc3 Qd8 4. Nf3 Nf6 5. d4 Bg4 6. Bc4 e6 7. h3 Bxf3
8. Qxf3 c6 9. Be3 Nbd7 10. Bb3 Bb4 11. Bd2 Nd5 12. O-O Nxc3 13. bxc3 Bd6 14.
Rfe1 O-O 15. Rab1 Qc7 16. Bc4 Rfe8 17. Bd3 Nf6 18. Bg5 Be7 19. Bf4 Bd6 20.
Be5 Bxe5 21. dxe5 Nd7 22. Qg3 Nc5 23. Qe3 Nxd3 24. cxd3 c5 25. Rec1 Rac8 26.
d4 b6 27. Qf4 Red8 28. Kh2 Rd5 29. h4 Rcd8 30. g3 R8d7 31. Rb2 Qd8 32. Rd2
g6 33. Rcd1 cxd4 34. Rxd4 Rxd4 35. cxd4 b5 36. Qe3 Qb6 37. Qc3 Rd8 38. Qb4
a5 39. Qc3 b4 40. Qc4 a4 41. g4 Ra8 42. Rb1 Rb8 43. h5 Qb5 44. Qc2 Kg7 45.
Kg3 b3 46. axb3 axb3 47. Qd2 h6 48. Rxb3 Qxb3+ {White resigns} 0-1

[Event "ICC tourney 2045 (75 10)"]
[Site "Internet Chess Club"]
[Date "2020.10.11"]
[Round "7"]
[White "RahulPeesa"]
[Black "mohitmukkollu"]
[Result "1/2-1/2"]
[ICCResult "Game drawn by mutual agreement"]
[WhiteElo "1151"]
[BlackElo "1214"]
[Opening "Queen's pawn, Mason variation, Steinitz counter-gambit"]
[ECO "D00"]
[NIC "QP.08"]
[Time "18:35:33"]
[TimeControl "4500+10"]

1. d4 d5 2. Bf4 c5 3. c3 Nc6 4. e3 Bf5 5. Nf3 Nf6 6. Bd3 Bxd3 7. Qxd3 e6 8.
Nbd2 c4 9. Qc2 Bd6 10. Bg3 O-O 11. e4 dxe4 12. Nxe4 Nxe4 13. Qxe4 Re8 14.
O-O f5 15. Qe2 f4 16. Bh4 Qc7 17. Ng5 h6 18. Nxe6 Qf7 19. d5 Ne5 20. f3 Qh5
21. Bf2 Nd3 22. Qd2 Qxd5 23. Nd4 Bc5 24. b3 Nxf2 25. Rxf2 cxb3 26. axb3 Rf8
27. Re2 Bxd4+ 28. Qxd4 Qxb3 29. Rxa7 Rad8 30. Qb4 Rd1+ 31. Kf2 Qxb4 32. cxb4
Rd7 33. Rea2 Kf7 34. g3 fxg3+ 35. hxg3 Kg6 36. R2a6+ bxa6 37. Rxd7 Rb8 38.
Rd6+ Kh7 39. Rxa6 Rxb4 40. Ke3 Rb3+ 41. Kf4 Rb4+ 42. Kf5 Rb3 43. Kg4 Rb4+
44. f4 Rb3 45. Ra7 Kg6 46. Ra6+ Kh7 47. Kh4 g5+ 48. fxg5 hxg5+ 49. Kxg5
Rxg3+ 50. Kh4 {Game drawn by mutual agreement} 1/2-1/2

[Event "ICC tourney 2045 (75 10)"]
[Site "Internet Chess Club"]
[Date "2020.10.11"]
[Round "7"]
[White "dynamic-lucy"]
[Black "minecraftchess"]
[Result "1-0"]
[ICCResult "Black checkmated"]
[WhiteElo "1018"]
[BlackElo "908"]
[Opening "Giuoco Piano: Greco's attack"]
[ECO "C54"]
[NIC "IG.02"]
[Time "18:35:57"]
[TimeControl "4500+10"]

1. e4 e5 2. Nf3 Nc6 3. Bc4 Bc5 4. c3 Nf6 5. d4 exd4 6. cxd4 Bb4+ 7. Nc3
Bxc3+ 8. bxc3 Nxe4 9. Qe2 d5 10. Bb3 O-O 11. Qc2 Nf6 12. O-O Bg4 13. Qd3 Qd6
14. Bg5 Rad8 15. h3 Bxf3 16. Qxf3 Rfe8 17. Bxf6 gxf6 18. Qf5 Kf8 19. Qxh7
Ke7 20. Rfe1+ Kd7 21. Qf5+ Re6 22. Qxd5 Qxd5 23. Bxd5 Rxe1+ 24. Rxe1 Rf8 25.
Bxc6+ bxc6 26. Re3 a5 27. Rf3 Ke7 28. c4 a4 29. Ra3 Ra8 30. Kf1 Ke6 31. Ke2
Kf5 32. Ke3 Ra5 33. f4 Ra6 34. g4+ Kg6 35. h4 Ra5 36. f5+ Kg7 37. Kd3 Kh7
38. Kc3 c5 39. dxc5 Rxc5 40. Rxa4 Re5 41. Ra8 Re3+ 42. Kb4 Rg3 43. a4 Rxg4
44. a5 Rg1 45. a6 Rb1+ 46. Kc5 Rh1 47. a7 Rxh4 48. Rc8 Rh5 49. a8=Q Rxf5+
50. Kb4 c5+ 51. Rxc5 Rxc5 52. Kxc5 f5 53. Kd5 f4 54. Ke4 f3 55. Kxf3 f5 56.
Kf4 Kg7 57. Kxf5 Kf7 58. Qb7+ Kg8 59. Kg6 Kf8 60. Qf7# {Black checkmated}
1-0

[Event "ICC tourney 2045 (75 10)"]
[Site "Internet Chess Club"]
[Date "2020.10.11"]
[Round "7"]
[White "zbashar"]
[Black "RatislavK"]
[Result "1-0"]
[ICCResult "Black checkmated"]
[WhiteElo "1162"]
[BlackElo "1115"]
[Opening "Sicilian defense"]
[ECO "B20"]
[NIC "SI.48"]
[Time "18:35:27"]
[TimeControl "4500+10"]

1. e4 c5 2. a3 Nc6 3. b4 cxb4 4. axb4 Nxb4 5. c3 Nc6 6. d4 d6 7. d5 Ne5 8.
Qd4 Nf6 9. f4 Ng6 10. e5 Nh5 11. Nf3 e6 12. g4 dxe5 13. Nxe5 Nxe5 14. fxe5
Qh4+ 15. Kd2 Ng3 16. Bb5+ Bd7 17. Bxd7+ Kxd7 18. dxe6+ Kxe6 19. Qc4+ Kd7 20.
Rd1 Nf5 21. Kc2+ Bd6 22. Qxf7+ Kc6 23. Qd5+ Kb6 24. Qa5+ Kc6 25. exd6 Qf2+
26. Kb3 Nxd6 27. Qd5+ Kc7 28. Qxd6+ Kc8 29. Bf4 a5 30. Qc7# {Black
checkmated} 1-0

[Event "ICC tourney 2045 (75 10)"]
[Site "Internet Chess Club"]
[Date "2020.10.11"]
[Round "7"]
[White "VinaySridhar"]
[Black "MGrei"]
[Result "0-1"]
[ICCResult "White resigns"]
[WhiteElo "1100"]
[BlackElo "1194"]
[Opening "Sicilian defense"]
[ECO "B30"]
[NIC "SI.31"]
[Time "18:35:40"]
[TimeControl "4500+10"]

1. e4 c5 2. Nf3 Nc6 3. Nc3 g6 4. Bc4 Bg7 5. d3 a6 6. a3 e6 7. Be3 d6 8. Ng5
Nge7 9. Qf3 O-O 10. Qh3 h6 11. Nf3 d5 12. Bxh6 dxc4 13. Ng5 e5 14. Qh4 Rb8
15. Bxg7 Kxg7 16. Qh7+ Kf6 17. Qh4 Rh8 18. Qg3 Nd4 19. O-O-O Qd7 20. dxc4
Qg4 21. Nf3 Qxg3 22. fxg3 Bg4 23. Rd3 Kg7 24. Nxe5 Be6 25. b3 Rbd8 26. h3 f6
27. Nf3 Nxb3+ 28. Kb2 Nd4 29. Nxd4 Rxd4 30. Rxd4 cxd4 31. Ne2 Nc6 32. Rd1
Bxc4 33. Nxd4 Rd8 34. Kc3 Rxd4 35. Rxd4 Nxd4 36. Kxd4 Bf1 37. Kc5 Bxg2 38.
c4 Bxe4 39. h4 Kh6 40. Kd4 Bc6 41. g4 Bf3 {White resigns} 0-1

[Event "ICC tourney 2045 (75 10)"]
[Site "Internet Chess Club"]
[Date "2020.10.11"]
[Round "7"]
[White "lucachesschess"]
[Black "sganesh2004"]
[Result "0-1"]
[ICCResult "White checkmated"]
[WhiteElo "1234"]
[BlackElo "1057"]
[Opening "QGD semi-Slav"]
[ECO "D43"]
[NIC "QO.16"]
[Time "18:35:27"]
[TimeControl "4500+10"]

1. d4 d5 2. c4 e6 3. Nc3 Nf6 4. Nf3 c6 5. Bf4 Bd6 6. Bg3 O-O 7. e3 b6 8. Qc2
Bxg3 9. hxg3 h6 10. Be2 Ba6 11. O-O-O Bxc4 12. Bxc4 dxc4 13. e4 a5 14. e5
Nd5 15. Nxd5 cxd5 16. g4 b5 17. g5 b4 18. gxh6 g6 19. Rh3 Nd7 20. Rg3 Qe7
21. Rh1 Kh7 22. Ng5+ Kh8 23. Rh5 Rg8 24. f4 f6 25. exf6 Nxf6 26. Rh1 Nh5 27.
Rf3 Nxf4 28. Rxf4 Qxg5 29. Qd2 Raf8 30. Rhf1 Rf5 31. h7 Rgf8 32. g3 Qxg3 33.
Qe2 Qg5 34. Qe5+ Rxe5 35. dxe5 Qxf4+ 36. Rxf4 Rxf4 37. Kd2 Re4 38. a3 g5 39.
axb4 axb4 40. Kc1 g4 41. Kb1 g3 42. b3 g2 43. Kb2 c3+ 44. Ka2 Re2+ 45. Kb1
g1=Q# {White checkmated} 0-1

[Event "ICC tourney 2045 (75 10)"]
[Site "Internet Chess Club"]
[Date "2020.10.11"]
[Round "7"]
[White "FiveTimesNo"]
[Black "akumarum"]
[Result "1-0"]
[ICCResult "Black checkmated"]
[WhiteElo "1147"]
[BlackElo "1058"]
[Opening "Queen's pawn, Mason variation"]
[ECO "D00"]
[NIC "QP.08"]
[Time "18:35:31"]
[TimeControl "4500+10"]

1. d4 d5 2. Bf4 Nf6 3. e3 Bf5 4. Bd3 Bxd3 5. Qxd3 e6 6. Nf3 Bd6 7. Bg3 O-O
8. c3 Nc6 9. Nbd2 Re8 10. Ne5 h6 11. Ndf3 Qe7 12. Nxc6 bxc6 13. Ne5 Bxe5 14.
dxe5 Nh5 15. O-O c5 16. e4 Rad8 17. Qe2 Nxg3 18. hxg3 f6 19. exf6 Qxf6 20.
e5 Qg5 21. Kh2 Rf8 22. f4 Qg6 23. g4 Rd7 24. g3 c6 25. Kg2 d4 26. cxd4 Rxd4
27. Rad1 Qe4+ 28. Qxe4 Rxe4 29. Rfe1 Rxe1 30. Rxe1 Rd8 31. Re2 Rd5 32. Kf2
c4 33. Rc2 Ra5 34. a3 Ra4 35. Ke3 g5 36. f5 Kf7 37. f6 Ra5 38. Ke4 Ra4 39.
Kd4 c3+ 40. Ke3 cxb2 41. Rxb2 Rxa3+ 42. Kf2 Ra5 43. Rb7+ Kf8 44. Rb8+ Kf7
45. Rb7+ Kg6 46. Rg7# {Black checkmated} 1-0